 Dungeon Crawl Stone Soup version 0.28-a0-1199-gef9e1dbd39 (webtiles) character file.

Game seed: 13061102016821630532

1416 Gargoyl the Skirmisher (level 8, 0/67 HPs)
             Began as a Gnoll Abyssal Knight on Dec 19, 2021.
             Was a Believer of Lugonu.
             Slain by an ogre (8 damage)
             ... on level 6 of the Dungeon.
             The game lasted 00:07:42 (8439 turns).

Gargoyl the Skirmisher (Gnoll Abyssal Knight)       Turns: 8439, Time: 00:07:43

Health: 0/67       AC: 11    Str: 14    XL:     8   Next: 71%
Magic:  13/13      EV:  7    Int: 10    God:    Lugonu [**....]
Gold:   121        SH:  0    Dex: 13    Spells: 14/14 levels left

rFire   . . .      SeeInvis .   d - +4 quarterstaff (chaos)
rCold   . . .      Faith    .   (shield currently unavailable)
rNeg    . . .      Spirit   .   o - +0 chain mail
rPois   .          Reflect  .   (no helmet)
rElec   .          Harm     .   b - +0 cloak
rCorr   .          Rampage  .   (no gloves)
Will    .....                   (no boots)
Stlth   ..........              (no amulet)
HPRegen 0.21/turn               (no ring)
MPRegen 0.13/turn               (no ring)

@: no status effects
A: fangs 1, strong nose, distributed training
a: Renounce Religion, Depart the Abyss, Bend Space


You were on level 6 of the Dungeon.
You worshipped Lugonu.
Lugonu was pleased with you.
You visited 1 branch of the dungeon, and saw 6 of its levels.
You visited the Abyss 1 time.

You collected 293 gold pieces.
You spent 172 gold pieces at shops.

Inventory:

Hand Weapons
 a - a +1 hand axe
 d - a +4 quarterstaff of chaos (weapon)
Missiles
 n - 25 poisoned darts (quivered)
Armour
 b - a +0 cloak (worn)
 o - a +0 chain mail (worn)
 s - a +0 buckler of protection
Jewellery
 r - an amulet of faith
Wands
 e - a wand of acid (9)
 u - a wand of iceblast (6)
Scrolls
 h - 2 scrolls of amnesia
 m - a scroll of teleportation
 p - a scroll of summoning
 q - a scroll of blinking
 t - 3 scrolls of identify
Potions
 c - 2 potions of magic
 f - 2 potions of might
 g - a potion of haste
 i - a potion of heal wounds
 j - 3 potions of brilliance {unknown}
 k - 3 potions of degeneration {unknown}
 l - 4 potions of curing


   Skills:
 + Level 7.5 Fighting
 + Level 3.5 Short Blades
 + Level 3.5 Long Blades
 + Level 5.8 Axes
 + Level 3.5 Maces & Flails
 + Level 3.5 Polearms
 + Level 3.5 Staves
 + Level 3.5 Slings
 + Level 3.5 Bows
 + Level 3.5 Crossbows
 + Level 3.5 Throwing
 + Level 5.8 Armour
 + Level 4.4 Dodging
 + Level 3.5 Stealth
 + Level 3.5 Shields
 + Level 3.5 Unarmed Combat
 + Level 3.5 Spellcasting
 + Level 2.9 Conjurations
 + Level 2.9 Hexes
 + Level 2.9 Summonings
 + Level 2.9 Necromancy
 + Level 2.9 Translocations
 + Level 2.9 Transmutations
 + Level 2.9 Fire Magic
 + Level 2.9 Ice Magic
 + Level 2.9 Air Magic
 + Level 2.9 Earth Magic
 + Level 2.9 Poison Magic
 + Level 6.1 Invocations
 + Level 3.5 Evocations


You had 14 spell levels left.
You didn't know any spells.
Your spell library was empty.

Dungeon Overview and Level Annotations

Branches:
Dungeon (6/15)             Temple (0/1) D:6

Altars:
Fedhas
The Shining One

Shops:
D:5 [


Innate Abilities, Weirdness & Mutations

You have very sharp teeth.
Your uncanny sense of smell can sniff out nearby items.
Your experience applies equally to all skills.


Message History

There is an open door here.
You open the door. You open the door.
An ogre comes into view. It is wielding a +0 giant club.
The ogre shouts!
The ogre moves out of view.
There is an open door here.
An ufetubus comes into view.
The ufetubus shouts!
The ogre barely misses you.
You closely miss the ogre.
The ogre hits you with a +0 giant club!!
You sock the ogre! Your bite misses the ogre.
The ogre is moderately wounded.
The ogre hits you with a +0 giant club!
You hit the ogre. You freeze the ogre.
The ogre is heavily wounded.
The ufetubus hits you. The ufetubus barely misses you.
The ufetubus hits you but does no damage. x2
The ogre barely misses you.
You hit the ogre.
The ogre seems to grow stronger.
The ogre is severely wounded.
You hear the rapid rusting of a very distant drain.
The ufetubus hits you but does no damage. x2
Your chain mail prevents you from hitting the ogre.
The ogre is severely wounded.
The ufetubus hits you.
The ufetubus hits you but does no damage.
The ogre hits you with a +0 giant club!
* * * LOW HITPOINT WARNING * * *
The ufetubus hits you but does no damage.
The ufetubus hits you.
* * * LOW HITPOINT WARNING * * *
You barely miss the ogre.
The ogre is severely wounded.
The ufetubus hits you.
* * * LOW HITPOINT WARNING * * *
The ufetubus hits you but does no damage.
The ogre hits you with a +0 giant club!
You die...

### .... . ########.... #
#........... # #...@5...... #
#..O..........+##.... #
####'###......#...... # ####.#
.......#..⌠.
#############....########...#....
............'.........###........
#############....####..##.[.#....
.....................#.##...#..⌠.
###########..........#..#........


You could see an ogre (strong) and an ufetubus.

Vanquished Creatures
  A water moccasin (D:4)
  A sky beast (D:6)
  A black bear (D:5)
  An ogre (D:4)
  2 scorpions
  2 water moccasin skeletons (D:5)
  2 howler monkeys
  A jelly (D:6)
  2 hounds (D:5)
  A quasit (Abyss:1)
  A gnoll shaman (D:4)
  2 orc priests (D:4)
  Crazy Yiuf (D:3)
  A bullfrog skeleton (D:5)
  A centaur skeleton (D:4)
  4 orc wizards
  Ijyb (D:3)
  A hound skeleton (D:4)
  A howler monkey zombie (D:5)
  4 gnolls (D:4)
  8 adders
  2 adder skeletons (D:4)
  A worm (D:3)
  2 dart slugs
  16 orcs
  A ball python (D:3)
  8 bats
  5 endoplasms
  2 giant cockroaches
  3 goblins
  5 hobgoblins
  2 jackals (D:3)
  4 quokkas
  5 frilled lizards
  10 kobolds
  4 rats
109 creatures vanquished.

Vanquished Creatures (collateral kills)
  A large abomination (Abyss:1)
1 creature vanquished.

Grand Total: 110 creatures vanquished

Notes
Turn   | Place    | Note
-------+----------+-------------------------------------------
     0 | Abyss:1  | Gargoyl the Gnoll Abyssal Knight began the quest for the
                  | Orb.
     0 | Abyss:1  | Reached XP level 1. HP: 23/23 MP: 3/3
    74 | Abyss:1  | Noticed a ynoxinul
    95 | Abyss:1  | Noticed a tentacled starspawn
   112 | Abyss:1  | Noticed a large abomination
   114 | Abyss:1  | Noticed a large abomination
   133 | Abyss:1  | Killed a large abomination
   134 | Abyss:1  | Reached skill level 1 in Short Blades
   134 | Abyss:1  | Reached skill level 1 in Long Blades
   134 | Abyss:1  | Reached skill level 1 in Maces & Flails
   134 | Abyss:1  | Reached skill level 1 in Polearms
   134 | Abyss:1  | Reached skill level 1 in Staves
   134 | Abyss:1  | Reached skill level 1 in Slings
   134 | Abyss:1  | Reached skill level 1 in Bows
   134 | Abyss:1  | Reached skill level 1 in Crossbows
   134 | Abyss:1  | Reached skill level 1 in Throwing
   134 | Abyss:1  | Reached skill level 1 in Stealth
   134 | Abyss:1  | Reached skill level 1 in Shields
   134 | Abyss:1  | Reached skill level 1 in Unarmed Combat
   134 | Abyss:1  | Reached skill level 1 in Spellcasting
   134 | Abyss:1  | Reached skill level 1 in Conjurations
   134 | Abyss:1  | Reached skill level 1 in Hexes
   134 | Abyss:1  | Reached skill level 1 in Summonings
   134 | Abyss:1  | Reached skill level 1 in Necromancy
   134 | Abyss:1  | Reached skill level 1 in Translocations
   134 | Abyss:1  | Reached skill level 1 in Transmutations
   134 | Abyss:1  | Reached skill level 1 in Fire Magic
   134 | Abyss:1  | Reached skill level 1 in Ice Magic
   134 | Abyss:1  | Reached skill level 1 in Air Magic
   134 | Abyss:1  | Reached skill level 1 in Earth Magic
   134 | Abyss:1  | Reached skill level 1 in Poison Magic
   134 | Abyss:1  | Reached skill level 1 in Evocations
   134 | Abyss:1  | Reached XP level 2. HP: 16/29 MP: 5/5
   134 | Abyss:1  | Reached XP level 3. HP: 20/35 MP: 6/6
   134 | Abyss:1  | Reached XP level 4. HP: 23/41 MP: 7/7
   250 | Abyss:1  | Reached XP level 5. HP: 22/47 MP: 8/8
   490 | Abyss:1  | Noticed a ynoxinul
   506 | Abyss:2  | Noticed a sun demon
   516 | Abyss:2  | Noticed a worldbinder
   521 | Abyss:2  | Noticed a starcursed mass
   525 | D:1      | Escaped the Abyss
   835 | D:1      | Found a faded altar of an unknown god.
  2995 | D:3      | Reached * piety under Lugonu
  3344 | D:3      | Noticed Ijyb
  3352 | D:3      | Killed Ijyb
  3353 | D:3      | Reached skill level 5 in Invocations
  3552 | D:3      | Reached XP level 6. HP: 46/53 MP: 9/9
  3612 | D:3      | Found a runed translucent door.
  3613 | D:3      | Noticed Crazy Yiuf
  4498 | D:3      | Killed Crazy Yiuf
  4499 | D:3      | Reached skill level 5 in Axes
  4499 | D:3      | Reached skill level 5 in Armour
  4504 | D:3      | HP: 2/52 [poisoned by Crazy Yiuf]
  5258 | D:4      | Reached XP level 7. HP: 53/59 MP: 10/10
  5329 | D:4      | Reached skill level 7 in Fighting
  5910 | D:4      | Reached ** piety under Lugonu
  6267 | D:4      | Reached XP level 8. HP: 10/67 MP: 12/12
  6659 | D:5      | Entered Level 5 of the Dungeon
  6757 | D:5      | Found Bumyn's Armour Boutique.
  6764 | D:5      | Bought a +0 buckler of protection for 172 gold pieces
  6969 | D:5      | Found a blossoming altar of Fedhas.
  6988 | D:5      | Found a glowing golden altar of the Shining One.
  7965 | D:6      | Found a staircase to the Ecumenical Temple.
  8439 | D:6      | Slain by an ogre

Illustrated notes

Levels and vault maps discovered:
D:1:      beargit_arrival_diablo_church, layout_loops_ring,
          shapermc_ecumenical_altar_pompeii, minmay_misc_feat_tower,
          minivault_24, chequers_big_river
D:2:      layout_basic
D:3:      layout_basic, minmay_surrounded, uniq_ijyb, uniq_crazy_yiuf_cottage
D:4:      layout_loops_corners
D:5:      layout_basic, fedhas_altar_3, mainiacjoe_overflow_alcove_2,
          serial_shops, nicolae_shop_stone
D:6:      layout_basic, kennysheep_little_box, minmay_temple_entry_large_hall,
          portal_sewer_entry_d

Skill      XL: |  1  2  3  4  5  6  7  8 |
---------------+-------------------------+-----
Short Blades   | 1 2 3 |  3.5
Long Blades    | 1 2 3 |  3.5
Maces & Flails | 1 2 3 |  3.5
Polearms       | 1 2 3 |  3.5
Staves         | 1 2 3 |  3.5
Slings         | 1 2 3 |  3.5
Bows           | 1 2 3 |  3.5
Crossbows      | 1 2 3 |  3.5
Throwing       | 1 2 3 |  3.5
Stealth        | 1 2 3 |  3.5
Shields        | 1 2 3 |  3.5
Unarmed Combat | 1 2 3 |  3.5
Spellcasting   | 1 2 3 |  3.5
Conjurations   | 1 2 |  2.9
Hexes          | 1 2 |  2.9
Summonings     | 1 2 |  2.9
Necromancy     | 1 2 |  2.9
Translocations | 1 2 |  2.9
Transmutations | 1 2 |  2.9
Fire Magic     | 1 2 |  2.9
Ice Magic      | 1 2 |  2.9
Air Magic      | 1 2 |  2.9
Earth Magic    | 1 2 |  2.9
Poison Magic   | 1 2 |  2.9
Evocations     | 1 2 3 |  3.5
Dodging        | 3 4 |  4.4
Invocations    | 5 6 |  6.1
Axes           | 5 |  5.8
Armour         | 5 |  5.8
Fighting       | 7 |  7.5

Action                   |  1- 3 |  4- 6 |  7- 9 || total
-------------------------+-------+-------+-------++-------
Melee: Hand axe          |       |   228 |       ||   228
       Bite              |       |    15 |    14 ||    29
       Punch             |       |     2 |       ||     2
       Quarterstaff      |       |    20 |   162 ||   182
Throw: Dart              |       |     1 |       ||     1
Invok: Depart the Abyss  |       |     1 |       ||     1
  Use: Scroll            |     1 |     2 |     8 ||    11
       Potion            |       |     3 |     1 ||     4
 Stab: Confused          |       |       |     1 ||     1
Armor: Leather armour    |       |    81 |       ||    81
       Chain mail        |       |    13 |   132 ||   145
Dodge: Dodged            |       |   148 |    63 ||   211

Table legend: (Time is in decaauts)
 A = Elapsed time spent in this place.
 B = Non-inter-level travel time spent in this place.
 C = Inter-level travel time spent in this place.
 D = Time resting spent in this place.
 E = Time spent auto-exploring this place.
 F = Levels seen in this place.
 G = Mean time per level.
                   A        B        C        D        E       F      G
               +--------+--------+--------+--------+--------+-----+--------+
         Total |   8488 |   8294 |    194 |   1440 |   5579 |   8 | 1061.0 |
       Dungeon |   7962 |   7768 |    194 |   1440 |   5195 |   6 | 1327.0 |
         Abyss |    525 |    525 |      0 |      0 |    384 |   2 |  262.5 |
               +--------+--------+--------+--------+--------+-----+--------+

Top non-repeatable levels by time:
     D:3: 2186 daAuts
     D:4: 1522 daAuts
     D:2: 1428 daAuts
     D:5: 1178 daAuts
     D:1: 1036 daAuts
     D:6: 611 daAuts
 Abyss:1: 503 daAuts
 Abyss:2: 21 daAuts
